SAA
IRVING BLUE SOX @ BETHESDA ATOMS
09/03/2027
 
TOP OF THE 1ST
Irving Blue Sox batting - Pitching for Bethesda Atoms : LHP Mike Foltynewicz
Pitching: LHP Mike Foltynewicz
Batting: RHB Eisse Cals 0-0: Called Strike
0-1: Ball
1-1: Foul Ball, location: 2F
1-2: Strikes out looking
Batting: RHB António Canales 0-0: Ball
1-0: Ball
2-0: Foul Ball, location: 2F
2-1: Ball
3-1: Base on Balls
Batting: LHB Jim Unknown 0-0: Ball
António Canales is caught stealing 2nd base
1-0: Ball
2-0: Ball
3-0: Base on Balls
Batting: RHB Alfredo Chávez 0-0: Called Strike
0-1: Ball
1-1: Fly out, F7 (Flyball, 7)
Top of the 1st over - 0 run(s), 0 hit(s), 0 error(s), 1 left on base; Irving 0 - Bethesda 0
BOTTOM OF THE 1ST
Bethesda Atoms batting - Pitching for Irving Blue Sox : RHP Gonzalo Montés
Pitching: RHP Gonzalo Montés
Batting: RHB Marc Beck 0-0: Fly out, F8 (Flyball, 89XD)
Batting: LHB Jorge Ortíz 0-0: Called Strike
0-1: Ball
1-1: Foul Ball, location: 2F
1-2: Ball
2-2: Foul Ball, location: 2F
2-2: Foul Ball, location: 2F
2-2: Ball
3-2: Fly out, F8 (Flyball, 89D)
Batting: RHB Enrique Ibarra 0-0: SOLO HOME RUN (Flyball, 7LD), Distance : 342 ft
Batting: RHB Ernesto López 0-0: Called Strike
0-1: SINGLE (Flyball, 89S)
Batting: RHB Raúl Javier Jr. 0-0: Called Strike
0-1: Swinging Strike
0-2: Strikes out looking
Bottom of the 1st over - 1 run(s), 2 hit(s), 0 error(s), 1 left on base; Irving 0 - Bethesda 1
TOP OF THE 2ND
Irving Blue Sox batting - Pitching for Bethesda Atoms : LHP Mike Foltynewicz
Batting: LHB Ricardo Ríos 0-0: Ball
1-0: Ball
2-0: Called Strike
2-1: Ball
3-1: Swinging Strike
3-2: Fly out, F3 (Popup, 3S)
Batting: RHB Theron Hammond 0-0: Foul Ball, location: 2F
0-1: Foul Ball, location: 2F
0-2: Ball
1-2: Ball
2-2: Ball
3-2: Foul Ball, location: 2F
3-2: Foul Ball, location: 2F
3-2: Base on Balls
Batting: RHB Wessel Wemerman 0-0: Foul Ball, location: 2F
0-1: Ball
1-1: Swinging Strike
1-2: SINGLE (Groundball, 56S) (infield hit)
Theron Hammond to second
Batting: RHB Carlos Ramírez 0-0: Ball
Wild Pitch!
Theron Hammond to third
Wessel Wemerman to second
1-0: Called Strike
1-1: Called Strike
1-2: Foul Ball, location: 2F
1-2: Foul Ball, location: 2F
1-2: Ground out 6-3 (Groundball, 6S)
Theron Hammond scores
Wessel Wemerman to third
Batting: RHB Phil Sherman 0-0: Called Strike
0-1: Ball
1-1: Fly out, F8 (Flyball, 8RD)
Top of the 2nd over - 1 run(s), 1 hit(s), 0 error(s), 1 left on base; Irving 1 - Bethesda 1
BOTTOM OF THE 2ND
Bethesda Atoms batting - Pitching for Irving Blue Sox : RHP Gonzalo Montés
Batting: LHB Diego Rosas 0-0: Ground out U3 (Groundball, 34)
Batting: RHB José Leyva 0-0: Called Strike
0-1: Ball
1-1: Swinging Strike
1-2: Foul Ball, location: 2F
1-2: Strikes out swinging
Batting: LHB Dave Smerdon 0-0: Ball
1-0: Swinging Strike
1-1: Foul Ball, location: 2F
1-2: Foul Ball, location: 2F
1-2: SINGLE (Line Drive, 56)
Batting: RHB Juan Camacho 0-0: Called Strike
0-1: SINGLE (Groundball, 4MD)
Dave Smerdon to second
Runner from 2nd tries for 3rd, SAFE, throw made to third
Batting: RHB Marc Beck 0-0: Ball
1-0: Swinging Strike
1-1: Ball
2-1: Ball
3-1: Swinging Strike
3-2: Fly out, F8 (Flyball, 8LS)
Bottom of the 2nd over - 0 run(s), 2 hit(s), 0 error(s), 2 left on base; Irving 1 - Bethesda 1
TOP OF THE 3RD
Irving Blue Sox batting - Pitching for Bethesda Atoms : LHP Mike Foltynewicz
Batting: RHB Eisse Cals 0-0: Foul Ball, location: 2F
0-1: Swinging Strike
0-2: Foul Ball, location: 2F
0-2: Ball
1-2: Strikes out swinging
Batting: RHB António Canales 0-0: Called Strike
0-1: SINGLE (Line Drive, 89S)
Batting: LHB Jim Unknown 0-0: Ball
1-0: Ball
2-0: Fly out, F7 (Flyball, 7S)
Batting: RHB Alfredo Chávez 0-0: Ground out 5-3 (Groundball, 56S)
Top of the 3rd over - 0 run(s), 1 hit(s), 0 error(s), 1 left on base; Irving 1 - Bethesda 1
BOTTOM OF THE 3RD
Bethesda Atoms batting - Pitching for Irving Blue Sox : RHP Gonzalo Montés
Batting: LHB Jorge Ortíz 0-0: Ball
1-0: Ball
2-0: Ball
3-0: Called Strike
3-1: Foul Ball, location: 2F
3-2: Foul Ball, location: 2F
3-2: Base on Balls
Batting: RHB Enrique Ibarra 0-0: Ball
Jorge Ortíz is caught stealing 2nd base
1-0: Ball
2-0: Called Strike
2-1: DOUBLE (Line Drive, 9)
Batting: RHB Ernesto López 0-0: Called Strike
0-1: Ball
1-1: Fly out, F3 (Line Drive, 3S)
Batting: RHB Raúl Javier Jr. 0-0: Called Strike
0-1: Foul Ball, location: 2F
0-2: Ball
1-2: DOUBLE (Line Drive, 89D)
Enrique Ibarra scores
Batting: LHB Diego Rosas 0-0: Fly out, F4 (Line Drive, 4)
Bottom of the 3rd over - 1 run(s), 2 hit(s), 0 error(s), 1 left on base; Irving 1 - Bethesda 2
TOP OF THE 4TH
Irving Blue Sox batting - Pitching for Bethesda Atoms : LHP Mike Foltynewicz
Batting: LHB Ricardo Ríos 0-0: Swinging Strike
0-1: Ball
1-1: Foul Ball, location: 2F
1-2: Strikes out swinging
Batting: RHB Theron Hammond 0-0: Swinging Strike
0-1: Ball
1-1: Ball
2-1: Foul Ball, location: 2F
2-2: Foul Ball, location: 2F
2-2: Fly out, F5 (Line Drive, 5)
Batting: RHB Wessel Wemerman 0-0: Foul Ball, location: 2F
0-1: Foul Ball, location: 2F
0-2: Ball
1-2: Ball
2-2: SINGLE (Groundball, 4MD)
Batting: RHB Carlos Ramírez 0-0: Ball
1-0: Called Strike
1-1: Called Strike
1-2: Strikes out swinging
Top of the 4th over - 0 run(s), 1 hit(s), 0 error(s), 1 left on base; Irving 1 - Bethesda 2
BOTTOM OF THE 4TH
Bethesda Atoms batting - Pitching for Irving Blue Sox : RHP Gonzalo Montés
Batting: RHB José Leyva 0-0: Swinging Strike
0-1: Called Strike
0-2: Ball
1-2: Foul Ball, location: 2F
1-2: SINGLE (Line Drive, 4D)
Batting: LHB Dave Smerdon 0-0: Called Strike
0-1: SINGLE (Groundball, 4MD)
José Leyva to second
Batting: RHB Juan Camacho 0-0: Called Strike
0-1: Called Strike
0-2: Strikes out looking
Batting: RHB Marc Beck 0-0: Ball
1-0: Foul Ball, location: 2F
1-1: Foul Ball, location: 2F
1-2: Ball
2-2: Ball
3-2: Foul Ball, location: 2F
3-2: Base on Balls
José Leyva to third
Dave Smerdon to second
Batting: LHB Jorge Ortíz 0-0: Foul Ball, location: 2F
0-1: Fly out, F8 (Flyball, 8LM)
Batting: RHB Enrique Ibarra 0-0: SINGLE (Groundball, 6MD)
José Leyva scores
Dave Smerdon to third
Marc Beck to second
Runner from 3rd tries for Home, SAFE, no throw
Batting: RHB Ernesto López 0-0: Called Strike
0-1: Fly out, F9 (Flyball, 9S)
Bottom of the 4th over - 2 run(s), 3 hit(s), 0 error(s), 2 left on base; Irving 1 - Bethesda 4
TOP OF THE 5TH
Irving Blue Sox batting - Pitching for Bethesda Atoms : LHP Mike Foltynewicz
Batting: RHB Phil Sherman 0-0: Foul Ball, location: 2F
0-1: Ball
1-1: Foul Ball, location: 2F
1-2: Foul Ball, location: 2F
1-2: Ball
2-2: Fly out, F9 (Flyball, 9S)
Batting: RHB Eisse Cals 0-0: Ball
1-0: Ground out 5-3 (Groundball, 56D)
Batting: RHB António Canales 0-0: Foul Ball, location: 2F
0-1: Foul Ball, location: 2F
0-2: Ball
1-2: Ball
2-2: Ball
3-2: SINGLE (Groundball, 6D)
Pitching: RHP Matt Davenport
Batting: LHB Jim Unknown 0-0: Ball
1-0: Fly out, F6 (Flyball, 56D)
Top of the 5th over - 0 run(s), 1 hit(s), 0 error(s), 1 left on base; Irving 1 - Bethesda 4
BOTTOM OF THE 5TH
Bethesda Atoms batting - Pitching for Irving Blue Sox : RHP Gonzalo Montés
Batting: RHB Raúl Javier Jr. 0-0: Called Strike
0-1: Swinging Strike
0-2: Ball
1-2: Ball
2-2: Ball
3-2: Ground out 4-3 (Groundball, 34)
Batting: LHB Diego Rosas 0-0: Called Strike
0-1: Ball
1-1: Ball
2-1: Ball
3-1: Base on Balls
Pitching: RHP Martin Besnier
Batting: RHB José Leyva 0-0: Called Strike
0-1: Called Strike
0-2: Strikes out swinging
Batting: LHB Dave Smerdon 0-0: Ball
1-0: Fly out, F3 (Line Drive, 3L)
Bottom of the 5th over - 0 run(s), 0 hit(s), 0 error(s), 1 left on base; Irving 1 - Bethesda 4
TOP OF THE 6TH
Irving Blue Sox batting - Pitching for Bethesda Atoms : RHP Matt Davenport
Batting: RHB Alfredo Chávez 0-0: Called Strike
0-1: Fly out, F9 (Line Drive, 9)
Batting: LHB Ricardo Ríos 0-0: Fly out, F8 (Flyball, 8RM)
Batting: RHB Theron Hammond 0-0: Foul Ball, location: 2F
0-1: Ball
1-1: Ball
2-1: Fly out, F8 (Line Drive, 8LM)
Top of the 6th over - 0 run(s), 0 hit(s), 0 error(s), 0 left on base; Irving 1 - Bethesda 4
BOTTOM OF THE 6TH
Bethesda Atoms batting - Pitching for Irving Blue Sox : RHP Martin Besnier
Batting: RHB Juan Camacho 0-0: Called Strike
0-1: Ball
1-1: Foul Ball, location: 2F
1-2: Ball
2-2: Strikes out swinging
Batting: RHB Marc Beck 0-0: Fly out, F8 (Flyball, 89D)
Batting: LHB Jorge Ortíz 0-0: SINGLE (Line Drive, 4M)
Batting: RHB Enrique Ibarra 0-0: Foul Ball, location: 2F
0-1: Swinging Strike
0-2: Ball
1-2: Foul Ball, location: 2F
1-2: Fielders Choice at 2nd, U4 (Groundball, 4M)
Bottom of the 6th over - 0 run(s), 1 hit(s), 0 error(s), 1 left on base; Irving 1 - Bethesda 4
TOP OF THE 7TH
Irving Blue Sox batting - Pitching for Bethesda Atoms : RHP Matt Davenport
Batting: RHB Wessel Wemerman 0-0: Called Strike
0-1: Foul Ball, location: 2F
0-2: SOLO HOME RUN (Line Drive, 7D), Distance : 377 ft
Batting: RHB Carlos Ramírez 0-0: Ball
1-0: Ball
2-0: Foul Ball, location: 2F
2-1: Fly out, F8 (Line Drive, 8LM)
Batting: RHB Phil Sherman 0-0: Called Strike
0-1: Ball
1-1: Called Strike
1-2: Foul Ball, location: 2F
1-2: SINGLE (Line Drive, 7LS)
Batting: RHB Eisse Cals 0-0: Ball
1-0: Foul Ball, location: 2F
1-1: Foul Ball, location: 2F
1-2: Ball
2-2: Foul Ball, location: 2F
2-2: Strikes out swinging
Batting: RHB António Canales 0-0: Called Strike
0-1: Ball
1-1: Swinging Strike
1-2: Strikes out looking
Top of the 7th over - 1 run(s), 2 hit(s), 0 error(s), 1 left on base; Irving 2 - Bethesda 4
BOTTOM OF THE 7TH
Bethesda Atoms batting - Pitching for Irving Blue Sox : RHP Martin Besnier
Batting: RHB Ernesto López 0-0: Foul Ball, location: 2F
0-1: Ball
1-1: Fly out, F7 (Flyball, 7)
Batting: RHB Raúl Javier Jr. 0-0: Ball
1-0: Ground out 6-3 (Groundball, 6)
Batting: LHB Diego Rosas 0-0: Foul Ball, location: 2F
0-1: Foul Ball, location: 2F
0-2: Ball
1-2: Ground out 4-3 (Groundball, 4)
Bottom of the 7th over - 0 run(s), 0 hit(s), 0 error(s), 0 left on base; Irving 2 - Bethesda 4
TOP OF THE 8TH
Irving Blue Sox batting - Pitching for Bethesda Atoms : RHP Matt Davenport
Batting: LHB Jim Unknown 0-0: Called Strike
0-1: Ball
1-1: Ball
2-1: Fly out, F8 (Line Drive, 78M)
Batting: RHB Alfredo Chávez 0-0: Ball
1-0: Called Strike
1-1: SINGLE (Groundball, 6MD)
Pitching: RHP Jeren Kendall
Batting: LHB Ricardo Ríos 0-0: Called Strike
0-1: Ball
1-1: Ball
2-1: Foul Ball, location: 2F
2-2: Fly out, F4 (Line Drive, 4MD)
Batting: RHB Theron Hammond 0-0: Ball
1-0: Ball
2-0: Ball
3-0: Called Strike
3-1: Base on Balls
Alfredo Chávez to second
Pinch Hitting: LHB José Zarate 0-0: Ball
1-0: Foul Ball, location: 2F
1-1: Ball
2-1: DOUBLE (Line Drive, 8RXD)
Alfredo Chávez scores
Theron Hammond to third
Runner from 3rd tries for Home, SAFE, no throw
Pinch Hitting: LHB Phil MacNamara 0-0: Swinging Strike
0-1: Called Strike
0-2: Foul Ball, location: 2F
0-2: Foul Ball, location: 2F
0-2: SINGLE (Groundball, 4D)
José Zarate to third
Batting: RHB Phil Sherman 0-0: Swinging Strike
0-1: Ball
Pickoff Throw to First - Out!
Top of the 8th over - 2 run(s), 3 hit(s), 0 error(s), 0 left on base; Irving 4 - Bethesda 4
BOTTOM OF THE 8TH
Bethesda Atoms batting - Pitching for Irving Blue Sox : RHP Martin Besnier
Now in LF: Phil MacNamara
Batting: RHB José Leyva 0-0: Called Strike
Now at 1B: José Zarate 0-1: Fly out, F7 (Flyball, 7LMF)
Pinch Hitting: LHB Jim Unknown 0-0: Foul Ball, location: 2F
0-1: Ball
1-1: Fly out, F8 (Flyball, 8RXD)
Batting: RHB Juan Camacho 0-0: Ball
1-0: Ball
2-0: SINGLE (Groundball, 56D)
Batting: RHB Marc Beck 0-0: Ball
1-0: Called Strike
1-1: Ball
2-1: Called Strike
2-2: Fly out, F8 (Flyball, 8LM)
Bottom of the 8th over - 0 run(s), 1 hit(s), 0 error(s), 1 left on base; Irving 4 - Bethesda 4
TOP OF THE 9TH
Irving Blue Sox batting - Pitching for Bethesda Atoms : RHP Jeren Kendall
Pitching: LHP Holden Rosen Grupp
Now in LF: William Walls
Batting: RHB Phil Sherman 0-0: Foul Ball, location: 2F
0-1: Ball
1-1: Swinging Strike
1-2: Ball
2-2: Fly out, F9 (Flyball, 9LS)
Batting: RHB Eisse Cals 0-0: Ball
1-0: Called Strike
1-1: Swinging Strike
1-2: Ground out 3-1 (Groundball, 34S)
Batting: RHB António Canales 0-0: Fly out, F6 (Line Drive, 56)
Top of the 9th over - 0 run(s), 0 hit(s), 0 error(s), 0 left on base; Irving 4 - Bethesda 4
BOTTOM OF THE 9TH
Bethesda Atoms batting - Pitching for Irving Blue Sox : RHP Martin Besnier
Batting: LHB Jorge Ortíz 0-0: Ground out 4-3 (Groundball, 4)
Batting: RHB Enrique Ibarra 0-0: Called Strike
0-1: Ground out 5-3 (Groundball, 56S)
Pinch Hitting: RHB Jim Unknown 0-0: SOLO HOME RUN (Flyball, 7D), Distance : 385 ft
Saturday, May 26th, 2018 - OOTP Baseball 17.12 Build 75